 Dungeon Crawl Stone Soup version 0.25.1-2-g60ff931df9 (webtiles) character file.

Game seed: 2807400245444234828

410 lepoulpe303 the Ducker (level 6, -3/32 HPs)
             Began as a Spriggan Monk on Aug 15, 2020.
             Slain by Pikel
             ... wielding a +0 whip of flaming
              (4 damage)
             ... on level 3 of the Dungeon.
             The game lasted 00:28:00 (4091 turns).

lepoulpe303 the Ducker (Spriggan Monk)              Turns: 4091, Time: 00:28:00

Health: -3/32      AC:  2    Str:  9    XL:     6   Next: 58%
Magic:  7/7        EV: 23    Int: 17    God:
Gold:   168        SH:  0    Dex: 25    Spells: 5/5 levels left

rFire    . . .     SeeInvis +   a - +0 short sword
rCold    . . .     Gourm    .   (shield restricted)
rNeg     . . .     Faith    .   k - +0 robe
rPois    .         Spirit   .   (helmet restricted)
rElec    .         Reflect  .   (no cloak)
rCorr    .         Harm     .   (gloves unavailable)
MR       +....                  (boots unavailable)
Stlth    ++++......             R - amulet of regeneration
HPRegen  0.50/turn              h - +6 ring of dexterity
MPRegen  0.10/turn              y - +6 ring of intelligence

@: mighty, very quick
A: very small, unfitting armour, see invisible, herbivore, speed 3, slow
metabolism 2
a: no special abilities


You were on level 3 of the Dungeon.
You were not hungry.

You visited 1 branch of the dungeon, and saw 4 of its levels.

You collected 168 gold pieces.

Inventory:

Hand Weapons
 a - a +0 short sword (weapon)
 b - a +0 hunting sling
Missiles
 u - a throwing net {=f}
 Q - 29 stones (quivered)
Armour
 k - a +0 robe (worn)
Jewellery
 h - a +6 ring of dexterity (left hand)
 y - a +6 ring of intelligence (right hand)
 R - an amulet of regeneration (around neck)
Scrolls
 f - a scroll of fog
 g - a scroll of magic mapping {unknown}
 i - 3 scrolls of identify
 m - a scroll of enchant weapon {unknown}
 o - a scroll of amnesia {unknown}
 r - a scroll of immolation {unknown}
 w - 2 scrolls of remove curse
 x - a scroll of fear {unknown}
 z - a scroll of teleportation {unknown}
 B - a scroll of blinking {!r}
Potions
 c - a potion of berserk rage {unknown}
 j - a potion of flight {unknown}
 p - a potion of experience {unknown}
 q - a potion of curing
 s - a potion of heal wounds {unknown}
 t - a potion of brilliance {unknown}
 v - a potion of resistance {unknown}
Comestibles
 e - 6 rations


   Skills:
 + Level 3.3 Fighting
 + Level 4.5 Short Blades
 + Level 2.6 Slings
 + Level 1.9 Armour
 + Level 5.9 Dodging
 + Level 5.3 Stealth


You had 5 spell levels left.
You didn't know any spells.
Your spell library was empty.

Dungeon Overview and Level Annotations

Branches:
Dungeon (4/15)
 Temple: D:4-7

Altars:
Fedhas
Kikubaaqudgha
Sif Muna
Uskayaw
Zin

Annotations:
D:3 Pikel


Innate Abilities, Weirdness & Mutations

You are very small and have problems with some larger weapons.
You are too small for most types of armour.
You have supernaturally acute eyesight. (SInv)
You are a herbivore.
You cover ground extremely quickly.
You need to consume almost no food.


Message History

Pikel burns you.
* * * LOW HITPOINT WARNING * * *
You take 6 damage, and have 13/32 hp.
You miss Pikel. Pikel completely misses you.
You feel very mighty all of a sudden.
Pikel hits you with a +0 whip of flaming.
* * * LOW HITPOINT WARNING * * *
Pikel burns you.
* * * LOW HITPOINT WARNING * * *
You take 5 damage, and have 8/32 hp.
You barely miss Pikel.
Pikel drinks a potion.
Pikel is healed!
You hit Pikel. Pikel misses you.
You hit Pikel. Pikel misses you.
You hit Pikel.
Pikel hits you with a +0 whip of flaming!
* * * LOW HITPOINT WARNING * * *
Pikel burns you.
You die...

#.##.##...#.#####
#.#<..#.###.#...#
#.##........#.#.#
#.....#.#####.#.#
#####.........#.#
#...#######.#
##..........#
#.K######### #[@#
####


You could see Pikel.

Levels and vault maps discovered:
D:1:      lightli_arrival_chessboard, layout_loops_corners
D:2:      layout_loops_corners, overflow_temple_1_default, fedhas_altar_1
D:3:      layout_basic
D:4:      layout_basic, nicolae_ru_path_of_blood, dancing_weapons_uskayaw,
          led_sif_book, kiku_gazebo_garden_becter, first_ration,
          minmay_quadrilaterals, uniq_pikel

Notes
Turn   | Place    | Note
-------+----------+-------------------------------------------
     0 | D:1      | lepoulpe303 the Spriggan Monk began the quest for the Orb.
     0 | D:1      | Reached XP level 1. HP: 11/11 MP: 2/2
    36 | D:1      | Identified a +0 club
   160 | D:1      | Identified a +0 club
   402 | D:1      | Reached XP level 2. HP: 16/16 MP: 3/3
   461 | D:1      | Identified a +0 club
   547 | D:1      | Identified a +0 club
  1033 | D:1      | Identified 2 scrolls of identify
  1033 | D:1      | Identified an amulet of regeneration (You found it on level
                  | 1 of the Dungeon)
  1035 | D:1      | Identified a ring of dexterity (You found it on level 1 of
                  | the Dungeon)
  1250 | D:2      | Reached XP level 3. HP: 19/19 MP: 4/4
  1296 | D:2      | Identified 2 scrolls of blinking
  1297 | D:2      | Identified 2 scrolls of fog
  1489 | D:2      | Found a glowing silver altar of Zin.
  1564 | D:2      | Found a blossoming altar of Fedhas.
  1820 | D:3      | Identified a +0 dagger
  1900 | D:3      | Identified a +0 club
  2049 | D:3      | Reached skill level 5 in Dodging
  2049 | D:3      | Reached XP level 4. HP: 23/23 MP: 5/5
  2182 | D:3      | Identified a +0 club
  2211 | D:3      | Identified a potion of curing
  2355 | D:4      | HP: 5/23 [poisoned by a worker ant]
  2360 | D:4      | HP: 5/23 [poisoned by a worker ant]
  2423 | D:4      | Reached skill level 1 in Slings
  2423 | D:4      | Reached skill level 1 in Armour
  2423 | D:4      | Reached skill level 4 in Stealth
  2471 | D:4      | Reached skill level 3 in Fighting
  2471 | D:4      | Reached skill level 4 in Short Blades
  2596 | D:4      | Reached XP level 5. HP: 28/28 MP: 6/6
  2638 | D:4      | Noticed a slave
  2659 | D:4      | Noticed a slave
  2708 | D:4      | Identified 2 scrolls of remove curse
  2709 | D:4      | Identified a ring of intelligence (You found it on level 4
                  | of the Dungeon)
  2710 | D:4      | Identified a +0 hunting sling (You found it on level 2 of
                  | the Dungeon)
  2711 | D:4      | Identified a +0 dagger
  2711 | D:4      | Noticed a +0 dagger
  2711 | D:4      | Identified a cursed -3 hand axe
  2711 | D:4      | Noticed a -3 hand axe
  2721 | D:4      | Found a hide-covered altar of Uskayaw.
  2724 | D:4      | Identified a +0 halberd
  2734 | D:4      | Identified a +0 short sword
  2735 | D:4      | Identified a +0 spear of venom
  2739 | D:4      | Identified a +0 flail
  2843 | D:4      | Found an ancient bone altar of Kikubaaqudgha.
  3047 | D:4      | Reached skill level 2 in Slings
  3057 | D:4      | Identified a +0 giant club
  3057 | D:4      | Noticed an ogre
  3061 | D:4      | Killed an ogre
  3061 | D:4      | Reached XP level 6. HP: 32/32 MP: 7/7
  3093 | D:4      | Found a shimmering blue altar of Sif Muna.
  3153 | D:4      | Reached skill level 5 in Stealth
  3162 | D:4      | Noticed a slave
  3225 | D:4      | Killed a slave
  3252 | D:4      | Identified a +0 whip of flaming
  3252 | D:4      | Identified a +0 robe
  3252 | D:4      | Noticed Pikel
  3254 | D:4      | Noticed a slave
  3292 | D:4      | Killed a slave
  3439 | D:4      | HP: 6/32 [slave[Pikel] (8)]
  3450 | D:4      | Killed a slave
  3776 | D:4      | Identified a +0 trident
  3776 | D:4      | Identified a +0 ring mail
  3807 | D:4      | Identified a +0 dagger
  3807 | D:4      | Identified a +0 ring mail
  3808 | D:4      | Identified a +0 flail
  3808 | D:4      | Identified a +0 ring mail
  3808 | D:4      | Identified a +0 flail
  4013 | D:3      | HP: 8/32 [orc priest/divine providence (9)]
  4014 | D:3      | Identified 2 potions of might
  4087 | D:3      | HP: 8/32 [Pikel/+0 whip of flaming (2)]
  4091 | D:3      | HP: 1/32 [Pikel/+0 whip of flaming (9)]
  4091 | D:3      | Slain by Pikel

Table legend:
 A = Turns spent in this place as a percentage of turns spent in the entire game.
 B = Non-inter-level travel turns spent in this place as a percentage of non-inter-level travel turns spent in the entire game.
 C = Inter-level travel turns spent in this place as a percentage of turns spent in this place.
 D = Turns resting spent in this place as a percentage of non-inter-level travel turns spent in this place.
 E = Turns spent auto-exploring this place as a percentage of non-inter-level travel turns spent in this place.
 F = Non-inter-level travel turns spent in this place divided by the number of levels of this place that you've seen.
                   A       B       C       D       E      F
               +-------+-------+-------+-------+-------+----------------------
         Total | 100.0 | 100.0 |   5.6 |  11.6 |  54.4 | 965.8
       Dungeon | 100.0 | 100.0 |   5.6 |  11.6 |  54.4 | 965.8
               +-------+-------+-------+-------+-------+----------------------

Table legend:
 A = Kills in this place as a percentage of kills in entire the game.
 B = Kills by you in this place as a percentage of kills by you in the entire game.
 C = Kills by friends in this place as a percentage of kills by friends in the entire game.
 D = Other kills in this place as a percentage of other kills in the entire game.
 E = Experience gained in this place as a percentage of experience gained in the entire game.
 F = Experience gained in this place divided by the number of levels of this place that you have seen.
                   A       B       C       D       E      F
               +-------+-------+-------+-------+-------+----------------------
         Total | 100.0 | 100.0 |   N/A |   N/A | 100.0 | 146.5
       Dungeon | 100.0 | 100.0 |   N/A |   N/A | 100.0 | 146.5
               +-------+-------+-------+-------+-------+----------------------

Skill      XL: |  1  2  3  4  5  6 |
---------------+-------------------+-----
Dodging        | 5 |  5.9
Slings         | 1 2 |  2.6
Armour         | 1 |  1.9
Stealth        | 4 5 |  5.3
Fighting       | 3 |  3.3
Short Blades   | 4 |  4.5

Action                   |  1- 3 |  4- 6 || total
-------------------------+-------+-------++-------
Melee: Short sword       |   118 |   228 ||   346
 Fire: Hunting sling     |       |   102 ||   102
Throw: Stone             |     9 |     2 ||    11
       Dart              |       |    11 ||    11
  Use: Scroll            |     4 |     2 ||     6
       Potion            |       |     2 ||     2
 Stab: Sleeping          |     9 |     2 ||    11
  Eat: Ration            |       |     1 ||     1
Armor: Robe              |     3 |     5 ||     8
Dodge: Dodged            |    94 |   178 ||   272

Vanquished Creatures
  3 slaves (D:4)
  An ogre (D:4)
  A howler monkey (D:4)
  An orc priest (D:3)
  2 hounds (D:4)
  An iguana (D:4)
  2 worker ants (D:4)
  4 gnolls (D:4)
  4 adders
  An ooze (D:3)
  An adder skeleton (D:4)
  A dart slug (D:3)
  3 leopard geckos
  An orc (D:4)
  A giant cockroach (D:4)
  4 goblins
  5 hobgoblins
  4 kobolds
  2 quokkas
  3 ball pythons
  3 bats
  5 frilled lizards
  A leopard gecko skeleton (D:4)
  A quokka skeleton (D:4)
  7 rats
62 creatures vanquished.
